 Dungeon Crawl Stone Soup version 0.24-a0-246-gb963c9a (webtiles) character file.

Game seed: 7042185119373396129

748 puppykicker the Grave Robber (level 7, 36/59 HPs)
             Began as a Minotaur Necromancer on Apr 12, 2019.
             Was a Believer of Okawaru.
             Quit the game on level 5 of the Dungeon.
             The game lasted 00:11:29 (5355 turns).

puppykicker the Grave Robber (Minotaur Necromancer) Turns: 5355, Time: 00:11:29

Health: 36/59      AC:  7    Str: 15    XL:     7   Next: 48%
Magic:  9/9        EV: 11    Int: 12    God:    Okawaru [**....]
Gold:   218        SH:  0    Dex: 10    Spells: 5/10 levels left

rFire    . . .     SeeInvis .   a - +0 trident
rCold    . . .     Gourm    .   (no shield)
rNeg     . . .     Faith    .   t - +0 ring mail
rPois    .         Spirit   .   (helmet restricted)
rElec    .         Reflect  .   (no cloak)
rCorr    .         Harm     .   u - +0 pair of gloves
MR       .....                  (no boots)
Stlth    +.........             (no amulet)
HPRegen  0.19/turn              q - ring of wizardry
MPRegen  0.11/turn              (no ring)

@: no status effects
A: retaliatory headbutt, horns 2
a: Heroism, Renounce Religion


You were on level 5 of the Dungeon.
You worshipped Okawaru.
Okawaru was pleased with you.
You were not hungry.

You visited 2 branches of the dungeon, and saw 6 of its levels.

You collected 218 gold pieces.


Innate Abilities, Weirdness & Mutations

You reflexively headbutt those who attack you in melee.
You have a pair of horns on your head.


   Skills:
 - Level 4.0 Fighting
 * Level 4.0 Polearms
 - Level 4.0 Armour
 - Level 2.1 Dodging
 - Level 1.5 Stealth
 - Level 2.0 Spellcasting
 + Level 4.4 Necromancy
 + Level 2.2 Invocations


You had 5 spell levels left.
You knew the following spells:

 Your Spells              Type           Power        Failure   Level  Hunger
a - Pain                  Necr           ##..         3%          1    ##.....
c - Vampiric Draining     Necr           ##........   10%         3    ####...
z - Animate Skeleton      Necr           N/A          3%          1    ##.....

Your spell library contained the following spells:

 Spells                   Type           Power        Failure   Level  Hunger
 Regeneration             Chrm/Necr      #.........   24%         3    ####...
 Animate Dead             Necr           N/A          32%         4    #####..

Inventory:

Hand Weapons
 a - a +0 trident (weapon)
 b - a +1 hunting sling of freezing
Missiles
 f - 62 bolts
 h - 13 sling bullets
 k - 122 arrows
Armour
 e - a +0 scale mail
 t - a +0 ring mail (worn)
 u - a +0 pair of gloves (worn)
Jewellery
 q - a ring of wizardry (left hand)
Wands
 y - a wand of paralysis (9)
Scrolls
 d - 2 scrolls of amnesia {unknown}
 j - a scroll of enchant weapon {unknown}
 l - 2 scrolls of remove curse
 m - a scroll of teleportation {unknown}
 o - a scroll of enchant armour {unknown}
 r - a scroll of fear {unknown}
 A - a scroll of identify
Potions
 g - a potion of cancellation
 i - 2 potions of agility {unknown}
 n - 2 potions of berserk rage {unknown}
 p - 3 potions of brilliance {unknown}
 s - a potion of ambrosia
 w - a potion of flight
 x - a potion of resistance {unknown}
 z - a potion of heal wounds {unknown}
 B - a potion of lignification {unknown}
Comestibles
 c - 11 rations
 v - a chunk of flesh {@w1}

Dungeon Overview and Level Annotations

Branches:
Dungeon (5/15)             Temple (1/1) D:4

Altars:
Ashenzari
Cheibriados
Dithmenos
Elyvilon
Fedhas
Gozag
Kikubaaqudgha
Makhleb
Nemelex Xobeh
Okawaru
Qazlal
Ru
Sif Muna
Trog
Uskayaw
Vehumet
Wu Jian
Xom
Yredelemnul
Zin
The Shining One

#.# #.# # #.##
####.#####.########
#.................#
.....###.#..###.#
..###.##..# #.#
#Y#.###..# #.# #@##
#..# #.# ###
#..###.# #......#
##.##### #.## #..##
####...########
+..............
####...########


You could see a sky beast.


Message History

The sky beast barely misses you.
Unknown command.
A sky beast is nearby!
Unknown command.
You closely miss the sky beast.
The sky beast is lightly wounded.
The sky beast hits you. The sky beast shocks you.
* * * LOW HITPOINT WARNING * * *
A sky beast is nearby!
Unknown command.
You barely miss the sky beast.
The sky beast is lightly wounded.
The sky beast hits you but does no damage.
A sky beast is nearby!
Unknown command.
You hit the sky beast.
The sky beast is moderately wounded.
The sky beast hits you but does no damage.
A sky beast is nearby!
Unknown command.
You barely miss the sky beast.
The sky beast is moderately wounded.
The sky beast hits you but does no damage.
A sky beast is nearby!
You hit the sky beast.
The sky beast is moderately wounded.
The sky beast hits you but does no damage. x2
Unknown command.
A sky beast is nearby!
Are you sure you want to abandon this character and quit the game? (Confirm with "yes".)

Action                   |  1- 3 |  4- 6 |  7- 9 || total
-------------------------+-------+-------+-------++-------
Melee: Unarmed           |    26 |       |       ||    26
       Headbutt          |    15 |    13 |     5 ||    33
       Short sword       |    69 |     4 |       ||    73
       Dagger            |    11 |       |       ||    11
       Trident           |       |   106 |    38 ||   144
 Fire: Hunting sling     |    20 |    12 |       ||    32
 Cast: Animate Skeleton  |    15 |    13 |       ||    28
       Pain              |     3 |       |       ||     3
Invok: Heroism           |       |     1 |       ||     1
  Use: Scroll            |       |     5 |       ||     5
 Stab: Sleeping          |     1 |     1 |       ||     2
       Invisible         |       |     2 |       ||     2
       Paralysed         |       |     2 |       ||     2
       Distracted        |       |     1 |       ||     1
  Eat: Chunk             |     7 |     4 |     1 ||    12
       Ration            |       |     1 |       ||     1
Armor: Robe              |     6 |       |       ||     6
       Leather armour    |     9 |       |       ||     9
       Ring mail         |     8 |    34 |    17 ||    59
Dodge: Dodged            |    72 |    62 |    14 ||   148

Levels and vault maps discovered:
D:1:      wheals_arrival_linesprint, layout_basic
D:2:      layout_basic, nicolae_overflow_crystal_walls, lemuel_doored_altar
D:3:      kennysheep_big_flooded_room, layout_basic,
          chequers_ecumenical_altar_simple, first_ration,
          nicolae_ru_great_annihilating_truth, uniq_natasha
D:4:      layout_cave_pools, gammafunk_temple_overflow_claw,
          minmay_temple_entry_statues_pillars, ebering_ghost_rock_garden
D:5:      layout_loops_corners, minmay_misc_feat_roman
Temple:   regret_index_temple_sphere_string

Notes
Turn   | Place    | Note
-------+----------+-------------------------------------------
     0 | D:1      | puppykicker the Minotaur Necromancer began the quest for
                  | the Orb.
     0 | D:1      | Reached XP level 1. HP: 14/14 MP: 1/1
    99 | D:1      | Reached skill level 3 in Necromancy
   105 | D:1      | Learned a level 1 spell: Animate Skeleton
   251 | D:1      | Reached skill level 1 in Fighting
   251 | D:1      | Reached XP level 2. HP: 19/23 MP: 0/3
   447 | D:1      | Reached skill level 1 in Armour
  1004 | D:2      | HP: 1/23 [worm (7)]
  1322 | D:2      | Found a radiant altar of Vehumet.
  1332 | D:2      | Reached XP level 3. HP: 22/28 MP: 4/4
  1355 | D:2      | HP: 2/28 [worm (9)]
  1942 | D:2      | Found an opulent altar of Gozag.
  1948 | D:2      | Learned a level 3 spell: Vampiric Draining
  2638 | D:2      | Reached skill level 2 in Fighting
  3013 | D:2      | Reached XP level 4. HP: 26/36 MP: 5/5
  3170 | D:3      | Found a sacrificial altar of Ru.
  3259 | D:3      | Reached skill level 2 in Armour
  3285 | D:3      | Noticed Natasha
  3297 | D:3      | Killed Natasha
  3297 | D:3      | Reached skill level 2 in Spellcasting
  3436 | D:3      | Noticed Natasha
  3442 | D:3      | Killed Natasha
  3496 | D:3      | Found a faded altar of an unknown god.
  3533 | D:3      | Reached XP level 5. HP: 44/44 MP: 7/7
  3697 | D:3      | Noticed Natasha
  3704 | D:3      | Killed Natasha
  3704 | D:3      | Reached skill level 3 in Fighting
  3704 | D:3      | Reached skill level 3 in Armour
  4227 | D:4      | Noticed an ogre
  4233 | D:4      | Killed an ogre
  4233 | D:4      | Reached skill level 4 in Fighting
  4233 | D:4      | Reached skill level 4 in Necromancy
  4233 | D:4      | Reached XP level 6. HP: 52/52 MP: 8/8
  4257 | D:4      | Found a staircase to the Ecumenical Temple.
  4267 | Temple   | Entered the Ecumenical Temple
  4509 | D:3      | Became a worshipper of Warmaster Okawaru
  4509 | D:3      | Reached * piety under Okawaru
  4541 | D:4      | Found a bloodstained altar of Trog.
  4541 | D:4      | Found an ornate altar of the Wu Jian Council.
  4542 | D:4      | Found a deep blue altar of Sif Muna.
  4555 | D:4      | Reached skill level 1 in Polearms
  4555 | D:4      | Reached skill level 4 in Armour
  4736 | D:4      | Found a runed translucent gate.
  4737 | D:4      | Found a runed translucent gate.
  4737 | D:4      | Found a runed translucent gate.
  4742 | D:4      | Noticed popps's ghost (amateur DsIE)
  4757 | D:4      | Killed popps's ghost
  4757 | D:4      | Reached skill level 3 in Polearms
  4757 | D:4      | Reached skill level 1 in Invocations
  4757 | D:4      | Reached XP level 7. HP: 20/59 MP: 6/9
  5129 | D:5      | Entered Level 5 of the Dungeon
  5256 | D:5      | Reached skill level 2 in Invocations
  5258 | D:5      | Reached ** piety under Okawaru
  5284 | D:5      | Reached skill level 4 in Polearms
  5355 | D:5      | Quit the game

Vanquished Creatures
  The ghost of popps the Chiller, an amateur DsIE (D:4)
  An ogre (D:4)
  2 scorpions
  2 howler monkeys
  An iguana (D:3)
  Natasha (twice) (D:3)
  An orc wizard (D:3)
  2 worker ants (D:4)
  4 adders
  An ooze (D:4)
  An adder skeleton (D:4)
  4 worms
  4 dart slugs
  2 leopard geckos (D:2)
  An orc (D:5)
  3 ball pythons
  4 giant cockroaches
  9 goblins
  7 hobgoblins
  6 jackals
  5 kobolds
  2 quokkas
  8 bats
  3 frilled lizards
  A leopard gecko skeleton (D:4)
  9 rats
86 creatures vanquished.

Vanquished Creatures (collateral kills)
  Natasha (D:3)
  A goblin (D:1)
2 creatures vanquished.

Grand Total: 88 creatures vanquished
